 Dungeon Crawl Stone Soup version 0.15-a0-33-ga435e27 (webtiles) character file.

40101 Econoterrorist the Unseen (level 13, -14/55 HPs)
             Began as a Spriggan Enchanter on Mar 31, 2014.
             Was the Champion of Dithmenos.
             Demolished by a death yak (22 damage)
             ... on Level 8 of the Lair of Beasts on Apr 1, 2014.
             The game lasted 01:43:02 (17838 turns).

Econoterrorist the Unseen (Spriggan Enchanter)     Turns: 17838, Time: 01:43:02

HP -14/55        AC  5     Str  8      XL: 13   Next: 66%
MP  30/35        EV 25     Int 22      God: Dithmenos [******]
Gold 1118        SH 10     Dex 16      Spells:  7 memorised,  9 levels left

rFire  + + .     SeeInvis +     B - +1 cutlass
rCold  . . .     Clarity  .     b - +1 robe
rNeg   . . .     Conserve +     E - +0 buckler
rPois  .         rCorr    .     U - +1 hat {MR+}
rElec  .         rRot     .     X - +0 cloak
SustAb . .       Spirit   .     (gloves unavailable)
rMut   .         Warding  .     (boots unavailable)
Saprov . . .     Stasis   .     t - amulet of conservation
MR     +++..                    p - ring of Entrepreneurial Spirit {rF+ Int+4}
                                I - ring of protection from fire

@: invisible (expiring), very slightly contaminated, wreathed by umbra, very
quick, extremely resistant to hostile enchantments, uncannily stealthy
A: unfitting armour, see invisible, herbivore 3, speed 3, slow metabolism 2
a: Shadow Step, Shadow Form, Renounce Religion


You were on level 8 of the Lair of Beasts.
You worshipped Dithmenos.
Dithmenos was exalted by your worship.
You were full.

You visited 3 branches of the dungeon, and saw 17 of its levels.
You also visited: Ossuary.

You collected 1118 gold pieces.

Inventory:

Hand weapons
 a - a +1,+1 dagger
 B - a +1,+1 cutlass (weapon)
Armour
 b - a +1 robe (worn)
 E - a +0 buckler (worn)
 U - a +1 hat of magic resistance (worn)
 X - a +0 cloak (worn)
Magical devices
 v - a wand of hasting (3)
 Q - a wand of frost (0)
 T - a wand of frost (11)
Comestibles
 f - an apple
 m - 3 bread rations
 C - 7 strawberries
 K - a pear
 L - a choko
Scrolls
 c - 2 scrolls of fog
 j - 6 scrolls of identify
 k - 2 scrolls of blinking
 s - 3 scrolls of remove curse
 u - 2 scrolls of magic mapping
 z - a scroll of enchant weapon I
 F - a scroll of recharging
 G - 3 scrolls of teleportation
 P - 2 scrolls of enchant armour {unknown}
 R - 3 scrolls of fear {unknown}
Jewellery
 p - the ring of Entrepreneurial Spirit (right hand) {rF+ Int+4}
   (You found it on level 8 of the Dungeon)

   [ring of protection from fire]

   It affects your intelligence (+4).
 t - an amulet of conservation (around neck)
 y - an uncursed ring of wizardry
 I - a ring of protection from fire (left hand)
 M - an uncursed amulet of stasis
 N - an uncursed ring of positive energy
Potions
 d - 2 potions of flight {unknown}
 e - 3 potions of resistance
 g - a potion of agility {unknown}
 i - 5 potions of heal wounds
 l - a potion of magic {unknown}
 n - 2 potions of might {unknown}
 o - a potion of lignification {unknown}
 q - a potion of invisibility
 r - 5 potions of curing
 w - a potion of beneficial mutation {unknown}
 x - a potion of brilliance {unknown}
 A - 3 potions of confusion {unknown}
 D - 2 potions of haste
 J - a potion of berserk rage {unknown}
 S - a potion of poison {unknown}
Books
 h - a book of War Chants

   Spells                             Type                      Level
   Fire Brand                         Charms/Fire                  2
   Freezing Aura                      Charms/Ice                   2
   Shroud of Golubria                 Charms/Translocation         2
   Repel Missiles                     Charms/Air                   2
   Poison Weapon                      Charms/Poison                3
   *Regeneration                      Charms/Necromancy            3
Miscellaneous
 H - a lantern of shadows


   Skills:
 - Level 10.2 Short Blades
 - Level 1.1 Throwing
 - Level 11.0 Dodging
 - Level 15.5 Stealth
 + Level 11.6 Spellcasting
 - Level 12.0 Hexes
 - Level 4.1 Summonings
 - Level 9.1 Ice Magic


You had 9 spell levels left.
You knew the following spells:

 Your Spells              Type           Power        Failure   Level  Hunger
a - Enslavement           Hex            ######..     1%          4    None
b - Ensorcelled Hibernat  Hex/Ice        ######       1%          2    None
c - Confuse               Hex            ######..     1%          3    None
d - Invisibility          Hex            ######..     10%         6    #####..
e - Summon Guardian Gole  Hex/Summ       #####...     2%          4    None
f - Summon Ice Beast      Ice/Summ       #####...     4%          4    None
g - Regeneration          Chrm/Necr      ##........   21%         3    None


Dungeon Overview and Level Annotations

Branches:
Dungeon (8/15)             Temple (1/1) D:6            Lair (8/8) D:8
  Swamp (0/5) Lair:6        Snake (0/5) Lair:5        Slime (0/6) Lair:8

Altars:
Ashenzari
Cheibriados
Dithmenos
Fedhas
Kikubaaqudgha
Nemelex Xobeh
Okawaru
Sif Muna
Trog
Xom
Yredelemnul
The Shining One
Jiyva

Shops:
D:4 %


Innate Abilities, Weirdness & Mutations

You are tiny and cannot use many weapons and most armour.
You have supernaturally acute eyesight.
You are a herbivore.
You cover ground extremely quickly.
You need consume almost no food.


Message History

You puncture the death yak!
The death yak is almost dead.
The death yak completely misses you.
You strike the helpless death yak from behind!
You impale the death yak!!
The death yak is heavily wounded.
Your shadow hits the death yak but does no damage.
The death yak gores you!
* * * LOW HITPOINT WARNING * * *
You emit a cloud of dark smoke.
You completely miss the death yak.
The death yak is heavily wounded.
Your shadow barely misses the death yak.
You flicker for a moment.
The death yak completely misses you.
You strike the helpless death yak from behind!
You impale the death yak!!
The death yak is almost dead.
The death yak gores you!
You die...

..## ..## ...##
##..## ##.%####P...#
##%.##.....##
#.....8.8..## ###
###.8..P.8..###§###
#....8..%..##§YP%#
#....8..P.^.§§§Y§#
####P..P###.§§@§##
###### ##§P### ####
# ### ## #.#######
.# #.f.....########
## #.f...f......P.#
####...<.......P.P##
##............PP...#


You could see 2 death yaks.

Vanquished Creatures
  Maud (Lair:5)
  Gastronok (Lair:2)
  Harold (Lair:2)
  9 hydras
  3 death yaks (Lair:8)
  2 catoblepae (Lair:8)
  A lindwurm (Lair:4)
  The ghost of Zigabaro the Chopper, an experienced LOFi of Beogh (D:7)
  A wolf spider (Lair:7)
  3 griffons
  4 black mambas
  An elephant (Lair:1)
  6 spiny frogs
  2 fire drakes
  5 komodo dragons
  18 blink frogs
  A boulder beetle (Lair:7)
  A wyvern (Lair:8)
  5 hippogriffs
  23 yaks
  2 basilisks
  2 hungry ghosts
  3 sharks
  25 wolves
  3 nagas (Lair:5)
  8 water moccasins
  11 porcupines
  A phantom (D:5)
  A boring beetle (Lair:8)
  An ice beast (D:8)
  A centaur (D:6)
  5 giant slugs
  14 crocodiles
  16 giant frogs
  3 water moccasin zombies (Ossuary)
  A scorpion (D:7)
  A vampire bat (D:4)
  7 hounds
  A crimson imp (D:7)
  2 goliath beetles
  A quasit (D:7)
  2 orc priests
  A centaur skeleton (D:7)
  8 orc wizards
  Natasha (thrice) (D:6)
  8 iguanas
  3 worker ants
  29 sheep
  2 big kobold zombies (Ossuary)
  Ijyb (D:6)
  A hound skeleton (D:6)
  2 mummies (Ossuary)
  14 adders
  60 green rats
  A worm zombie (D:7)
  A shadow imp (D:8)
  A giant mite (D:1)
  12 white imps (Lair:5)
  2 inept feature mimics
  3 worms
  5 adder zombies (Ossuary)
  A giant eyeball (D:7)
  8 giant geckos
  22 orcs
  2 ball pythons
  A bat zombie (D:5)
  9 giant cockroaches
  12 goblins
  11 hobgoblins
  22 jackals
  8 quokkas
  21 bats
  9 giant newts
  A giant spore (D:7)
  3 gnoll zombies (Ossuary)
  5 hobgoblin zombies
  16 kobolds
  A kobold skeleton (D:4)
  2 kobold zombies (Ossuary)
  An orc skeleton (D:6)
  3 orc zombies (Ossuary)
  A quokka skeleton (D:4)
  14 rats
  A rat skeleton (D:4)
  2 ballistomycetes (D:7)
533 creatures vanquished.

Vanquished Creatures (others)
  A fungus (Lair:2)
  A plant (D:8)
2 creatures vanquished.

Grand Total: 535 creatures vanquished

Notes
Turn   | Place    | Note
--------------------------------------------------------------
     0 | D:1      | Econoterrorist, the Spriggan Enchanter, began the quest for the Orb.
     0 | D:1      | Reached XP level 1. HP: 9/9 MP: 4/4
   124 | D:1      | Reached skill level 4 in Stealth
   323 | D:1      | Reached XP level 2. HP: 13/13 MP: 7/7
   335 | D:1      | Learned a level 2 spell: Ensorcelled Hibernation
   717 | D:1      | Reached skill level 5 in Stealth
   921 | D:1      | Reached XP level 3. HP: 16/16 MP: 9/9
  1148 | D:2      | Learned a level 3 spell: Confuse
  1581 | D:2      | Reached skill level 6 in Stealth
  1903 | D:3      | Reached XP level 4. HP: 7/21 MP: 1/12
  2137 | D:3      | Reached skill level 7 in Stealth
  2867 | D:4      | Found Onuecs' Food Shoppe.
  2911 | D:4      | Reached skill level 8 in Stealth
  3050 | D:4      | Reached XP level 5. HP: 24/24 MP: 10/15
  3369 | D:4      | Reached skill level 5 in Spellcasting
  3585 | D:4      | Reached XP level 6. HP: 19/28 MP: 6/21
  3961 | D:5      | Entered Level 5 of the Dungeon
  4253 | D:5      | Reached XP level 7. HP: 29/32 MP: 4/24
  4643 | D:5      | Found a shimmering altar of Xom.
  4791 | D:6      | Reached skill level 5 in Hexes
  4832 | D:6      | Noticed Ijyb
  4835 | D:6      | Noticed Natasha
  4859 | D:6      | Killed Ijyb
  4870 | D:6      | Killed Natasha
  5164 | D:6      | Noticed Natasha
  5172 | D:6      | Killed Natasha
  5333 | D:6      | Found a staircase to the Ecumenical Temple.
  5343 | Temple   | Entered the Ecumenical Temple
  5394 | Temple   | Became a worshipper of Dithmenos the Shadowed
  5631 | D:6      | Noticed Natasha
  5638 | D:6      | Killed Natasha
  6146 | D:7      | Found a shattered altar of Ashenzari.
  6185 | D:7      | Reached XP level 8. HP: 36/36 MP: 25/25
  6201 | D:7      | Learned a level 6 spell: Invisibility
  6371 | D:7      | Noticed Zigabaro's ghost (experienced LOFi)
  6389 | D:7      | Killed Zigabaro's ghost
  7562 | D:8      | Found a glowing golden altar of the Shining One.
  7563 | D:8      | Noticed an angel
  7571 | D:8      | Found a basalt altar of Yredelemnul.
  7572 | D:8      | Noticed a profane servitor
  7598 | D:8      | Got a slimy glass ring
  7620 | D:8      | Reached XP level 9. HP: 35/39 MP: 21/27
  7804 | D:8      | Found a sand-covered staircase.
  7822 | Ossuary  | Entered an ossuary
  7823 | Ossuary  | Identified the ring of Entrepreneurial Spirit {rF+ Int+4} (You found it on level 8 of the Dungeon)
  7831 | Ossuary  | Reached skill level 9 in Short Blades
  8314 | Ossuary  | Acquired Dithmenos' first power
  8515 | D:8      | Found a staircase to the Lair.
  8516 | D:8      | Noticed a komodo dragon
  8543 | D:8      | Killed a komodo dragon
  8543 | D:8      | Reached skill level 10 in Short Blades
  8550 | Lair:1   | Entered Level 1 of the Lair of Beasts
  8550 | Lair:1   | Noticed an eight-headed hydra
  8554 | Lair:1   | Killed an eight-headed hydra
  8554 | Lair:1   | Reached skill level 11 in Stealth
  8738 | Lair:1   | Reached skill level 12 in Stealth
  8938 | Lair:1   | Reached XP level 10. HP: 23/44 MP: 23/28
  8952 | Lair:1   | Noticed a seven-headed hydra
  8965 | Lair:1   | Killed a seven-headed hydra
  8965 | Lair:1   | Reached skill level 13 in Stealth
  9134 | Lair:1   | Noticed a spiny frog
  9143 | Lair:1   | Killed a spiny frog
  9196 | Lair:1   | Noticed a spiny frog
  9200 | Lair:1   | Noticed an elephant
  9204 | Lair:1   | Killed a spiny frog
  9204 | Lair:1   | Reached skill level 14 in Stealth
  9208 | Lair:1   | Killed an elephant
  9632 | Lair:1   | Reached skill level 15 in Stealth
 10275 | Lair:2   | Reached skill level 10 in Hexes
 10299 | Lair:2   | Learned a level 4 spell: Enslavement
 10319 | Lair:2   | Acquired Dithmenos' second power
 10336 | Lair:2   | Reached XP level 11. HP: 47/47 MP: 12/29
 10405 | Lair:2   | Noticed a black mamba
 10410 | Lair:2   | Noticed Harold
 10442 | Lair:2   | Killed a black mamba
 10486 | Lair:2   | Killed Harold
 10667 | Lair:2   | Noticed a spiny frog
 10684 | Lair:2   | Killed a spiny frog
 11138 | Lair:2   | Noticed Gastronok
 11188 | Lair:2   | Killed Gastronok
 11487 | Lair:2   | Found a snail-covered altar of Cheibriados.
 11510 | Lair:2   | Acquired Dithmenos' third power
 11983 | Lair:2   | Noticed an eight-headed hydra
 12011 | Lair:2   | Killed an eight-headed hydra
 12225 | Lair:3   | Noticed a seven-headed hydra
 12233 | Lair:3   | Killed a seven-headed hydra
 12237 | Lair:3   | Reached skill level 10 in Dodging
 12295 | Lair:3   | Noticed a six-headed hydra
 12299 | Lair:3   | Killed a six-headed hydra
 12326 | Lair:3   | Reached skill level 1 in Ice Magic
 12632 | Lair:3   | Noticed a six-headed hydra
 12639 | Lair:3   | Killed a six-headed hydra
 12639 | Lair:3   | Reached XP level 12. HP: 51/51 MP: 11/30
 13074 | Lair:3   | Reached skill level 5 in Ice Magic
 13240 | Lair:4   | Learned a level 4 spell: Summon Guardian Golem
 13245 | Lair:4   | Learned a level 4 spell: Summon Ice Beast
 13364 | Lair:4   | Acquired Dithmenos' fourth power
 14719 | Lair:5   | Found a frozen archway.
 15240 | Lair:5   | Noticed Maud
 15251 | Lair:5   | Killed Maud
 15304 | Lair:5   | Reached skill level 1 in Summonings
 15355 | Lair:5   | Found a staircase to the Snake Pit.
 15395 | Lair:5   | Reached XP level 13. HP: 45/55 MP: 18/31
 15985 | Lair:6   | Found a staircase to the Swamp.
 16720 | Lair:7   | Learned a level 3 spell: Regeneration
 17341 | Lair:8   | Entered Level 8 of the Lair of Beasts
 17350 | Lair:8   | Found a viscous altar of Jiyva.
 17351 | Lair:8   | Found a staircase to the Slime Pits.
 17632 | Lair:8   | Reached skill level 10 in Spellcasting
 17838 | Lair:8   | Demolished by a death yak

Action                   |  1- 3 |  4- 6 |  7- 9 | 10-12 | 13-15 || total
-------------------------+-------+-------+-------+-------+-------++-------
Melee: Dagger            |   112 |   165 |   375 |   453 |     3 ||  1108
       Cutlass           |       |       |       |       |   110 ||   110
Throw: Dart              |     9 |       |       |       |       ||     9
 Cast: Ensorcelled Hiber |    10 |    62 |    65 |   230 |    52 ||   419
       Confuse           |       |     8 |    29 |     9 |       ||    46
       Enslavement       |       |       |       |     5 |       ||     5
       Invisibility      |       |       |       |     3 |     1 ||     4
       Summon Guardian G |       |       |       |     1 |       ||     1
Evoke: Wand              |       |       |     3 |    12 |     1 ||    16
  Use: Scroll            |       |     2 |    11 |     3 |     7 ||    23
       Potion            |       |     1 |     1 |       |       ||     2
 Stab: Sleeping          |    16 |    44 |    77 |   199 |    66 ||   402
       Confused          |       |     3 |    15 |       |       ||    18
       Distracted        |       |     1 |       |     2 |     1 ||     4
       Invisible         |       |       |       |    25 |     5 ||    30
